 Dungeon Crawl Stone Soup version 0.31-a0-1499-ge0622b2318 (webtiles) character file.

Game seed: 7494711638853683249

21604 jasper the Metamorph (level 12, 0/102 HPs)
             Began as a Purple Draconian Shapeshifter on Dec 29, 2023.
             Was a Priest of Wu Jian.
             Slain by an elephant (12 damage)
             ... on level 3 of the Lair of Beasts.
             The game lasted 00:20:34 (14022 turns).

jasper the Metamorph (DrSh)                        Turns: 14022, Time: 00:20:35

Health: 0/102      AC: 23    Str: 26    XL:     12   Next: 55%
Magic:  12/12      EV: 10    Int: 11    God:    Wu Jian [***...]
Gold:   581        SH:  0    Dex: 11    Spells: 11/11 levels left

rFire   . .          .
                       - Unarmed
rCold   . . .        (shield currently unavailable)
rNeg    . . .        (body armour unavailable)
rPois   +            (helmet currently unavailable)
rElec   .            (cloak currently unavailable)
rCorr   .            (gloves currently unavailable)
SInv    .            (boots currently unavailable)
Will    +....        (no amulet)
Stlth   +            j - +4 ring of protection
HPRegen 0.37/turn    P - +4 ring of protection
MPRegen 0.13/turn

%: no passive effects
@: mighty, snake-form, on berserk cooldown, slowed, very slow
A: constrict, boosted hp, (breathe power), AC +8, large, unfitting armour,
(cold-blooded)
a: Begin Untransformation, Renounce Religion, Wall Jump, Serpent's Lash


You were on level 3 of the Lair of Beasts.
You worshipped Wu Jian.
Wu Jian was most pleased with you.
You were an enormous serpent.
You visited 3 branches of the dungeon, and saw 15 of its levels.

You collected 803 gold pieces.
You spent 222 gold pieces at shops.

Inventory:

Hand Weapons
 o - a +0 whip
 N - a +0 dagger
Missiles
 l - 5 javelins
 m - 131 stones
 p - 18 poisoned darts
 A - 4 boomerangs
 D - 4 silver javelins
 F - 5 curare-tipped darts
 K - a throwing net
Armour
 y - a +0 pair of boots
 z - a +2 cloak
 L - a +0 pair of gloves
Jewellery
 d - a ring of ice
 f - a +6 ring of strength
 j - a +4 ring of protection (left hand)
 E - a +6 ring of dexterity
 P - a +4 ring of protection (right hand)
 Q - a ring of see invisible
Talismans
 b - a beast talisman
 c - a flux talisman
 t - a serpent talisman (active)
Wands
 g - a wand of roots (14)
 B - a wand of flame (20) (quivered)
 C - a wand of quicksilver (16)
 G - a wand of digging (2)
 J - a wand of polymorph (9)
Scrolls
 k - a scroll of poison
 r - 2 scrolls of teleportation
 v - 2 scrolls of vulnerability
 M - a scroll of revelation
 O - a scroll of identify
Potions
 a - 2 potions of lignification
 e - 2 potions of curing
 h - a potion of cancellation
 i - 3 potions of ambrosia
 n - a potion of might
 q - a potion of mutation
 s - 2 potions of magic
 w - a potion of enlightenment {unknown}
 x - a potion of resistance {unknown}
 H - 2 potions of brilliance {unknown}
 I - a potion of attraction {unknown}
 R - 2 potions of haste {unknown}


   Skills:
 * Level 2.0 Fighting
 + Level 2.0 Dodging
 * Level 3.3 Unarmed Combat
 - Level 19.0 Shapeshifting


You had 11 spell levels left.
You didn't know any spells.
Your spell library contained the following spells:

 Spells                   Type           Power      Damage    Failure   Level
 Kiss of Death            Conj/Necr      0%         2d5       34%         1
 Slow                     Hex            0%         N/A       34%         1
 Confusing Touch          Hex            0%         N/A       71%         3
 Ozocubu's Armour         Ice            0%         N/A       71%         3
 Sigil of Binding         Hex            0%         N/A       71%         3
 Vampiric Draining        Necr           0%         2d6       71%         3
 Dispel Undead            Necr           0%         3d6       98%         4
 Ignite Poison            Fire/Alch      0%         N/A       98%         4
 Sticky Flame             Fire/Alch      0%         2d4       98%         4
 Metabolic Englaciation   Hex/Ice        0%         N/A       100%        5
 Sculpt Simulacrum        Ice/Alch       0%         N/A       100%        6
 Ignition                 Fire           0%         3d3       100%        8


Dungeon Overview and Level Annotations

Branches:
Dungeon (11/15)            Temple (1/1) D:7            Lair (3/5) D:9
  Swamp (0/4) Lair:2        Snake (0/4) Lair:3          Orc (0/2) D:10

Altars:
Ashenzari
Cheibriados
Dithmenos
Elyvilon
Fedhas
Gozag
Hepliaklqana
Kikubaaqudgha
Makhleb
Nemelex Xobeh
Okawaru
Qazlal
Ru
Sif Muna
Trog
Uskayaw
Vehumet
Wu Jian
Xom
Yredelemnul
Zin
The Shining One

Shops:
D:4 !*!   D:7 (   D:9 [(=   D:11 *!


Innate Abilities, Weirdness & Mutations

You are an enormous serpent.
You have a powerful constriction melee attack.
Your maximum health is increased.
Your armour is entirely melded.
You are incapable of wielding weapons or throwing items.
((You can breathe bolts of dispelling energy.))
((Your rich purple scales are hard. (AC +8)))
You cannot fit into any form of body armour.
((You are cold-blooded and may be slowed by cold attacks.))


Message History

The elephant is lightly wounded.
The elephant barely misses you. The elephant completely misses you.
The elephant tramples you.
* * * LOW HITPOINT WARNING * * *
You hold your ground!
The elephant barely misses you.
The elephant tramples you but does no damage.
The elephant trunk-slaps you but does no damage.
You take 2 damage, and have 18/100 hp.
You lash the elephant!
The elephant is heavily wounded.
The elephant tramples you but does no damage.
The elephant trunk-slaps you but does no damage.
The elephant tramples you!
* * * LOW HITPOINT WARNING * * *
You hold your ground!
The elephant trunk-slaps you but does no damage.
You take 7 damage, and have 12/100 hp.
You lash the elephant!
The elephant is almost dead.
The elephant tramples you but does no damage.
The elephant trunk-slaps you but does no damage.
You lash the elephant!
You kill the elephant!
The Council accepts your kill. The elephant barely misses you.
The elephant trunk-slaps you but does no damage.
Your Fighting skill increases to level 2!
Your Dodging skill increases to level 2!
You hit the elephant but do no damage.
The elephant is lightly wounded.
The elephant tramples you.
* * * LOW HITPOINT WARNING * * *
You hold your ground!
The elephant closely misses you.
You take 1 damage, and have 12/102 hp.
You body-slam the elephant!!
The elephant is heavily wounded.
The elephant tramples you but does no damage.
The elephant trunk-slaps you but does no damage.
The elephant tramples you!
You die...

#......#
.##..#.###>.##
..P.....##..#
.........#..#
.......++..#
.#.....#...#
.++.....++†.# .
........##†.#
...## #.#S##..#
....PP##Y##...#
..............#
..........†...#
...............#
..............#.#
...............##
....?..........#
>.......#..P..##


You could see an elephant.

Vanquished Creatures
  A hydra (Lair:1)
  A catoblepas (Lair:3)
  A two-headed ogre (D:8)
  Pikel (D:4)
  An ugly thing (D:11)
  9 elephants
  A black mamba (Lair:1)
  5 cane toads
  An unseen horror zombie (D:8)
  A rime drake (Lair:3)
  2 komodo dragons (Lair:2)
  2 hornets
  2 trolls (D:9)
  A tyrant leech (Lair:2)
  A polar bear (Lair:3)
  Grinder (D:5)
  7 blink frogs
  A culicivora (D:10)
  A wraith (D:9)
  24 yaks
  A shadow (D:10)
  Eustachio (D:6)
  A steam dragon (D:10)
  2 wyverns
  4 basilisks
  2 vampire mosquitoes (Lair:1)
  Grum (D:9)
  2 acid dragons
  7 water moccasins
  2 swamp drakes (Lair:1)
  4 orc warriors
  2 sky beasts
  A black bear (D:6)
  2 ogres (D:5)
  13 wolves
  A lemure (D:4)
  A kobold brigand (D:10)
  Blork the orc (D:6)
  12 bullfrogs
  2 scorpions
  A wyvern zombie (D:8)
  6 wights
  An electric eel (Lair:1)
  2 howler monkeys (D:9)
  A jelly (D:5)
  5 hounds
  A bombardier beetle (D:5)
  An orc priest (D:7)
  Crazy Yiuf (D:4)
  10 orc wizards
  2 sleepcaps
  Ijyb (D:5)
  4 iguanas
  11 adders
  6 gnolls
  A shadow imp (D:5)
  4 white imps
  2 ufetubi (D:6)
  7 dart slugs
  18 orcs
  12 ball pythons
  4 endoplasms
  A giant cockroach (D:3)
  6 hobgoblins
  4 jackals
  11 kobolds
  3 quokkas
  2 bats
  4 frilled lizards
  17 goblins
  4 rats
279 creatures vanquished.

Vanquished Creatures (others)
  A centaur simulacrum (D:11)
  A yak (Lair:1)
2 creatures vanquished.

Grand Total: 281 creatures vanquished

Notes
Turn   | Place    | Note
-------+----------+-------------------------------------------
     0 | D:1      | jasper the Draconian Shapeshifter began the quest for the
                  | Orb.
     0 | D:1      | Reached XP level 1. HP: 16/16 MP: 1/1
   167 | D:1      | Reached XP level 2. HP: 23/23 MP: 2/2
   496 | D:1      | Reached skill level 4 in Shapeshifting
   791 | D:2      | Reached XP level 3. HP: 27/28 MP: 3/3
  1069 | D:2      | Reached XP level 4. HP: 35/35 MP: 4/4
  1358 | D:2      | Reached skill level 5 in Shapeshifting
  1383 | D:2      | Found a faded altar of an unknown god.
  1929 | D:3      | Reached XP level 5. HP: 40/40 MP: 5/5
  2253 | D:4      | Found Jyrujae's Distillery.
  2325 | D:4      | Bought a potion of curing for 36 gold pieces
  2325 | D:4      | Bought a potion of heal wounds for 60 gold pieces
  2325 | D:4      | Bought a potion of heal wounds for 60 gold pieces
  2377 | D:4      | Noticed a lemure
  2377 | D:4      | Noticed a lemure
  2378 | D:4      | Noticed a lemure
  2389 | D:4      | Killed a lemure
  2394 | D:4      | Noticed Pikel
  2410 | D:4      | HP: 2/60 [Pikel/+1 whip of electrocution (13)]
  2411 | D:4      | Noticed a lemure
  2414 | D:4      | Killed Pikel
  2415 | D:4      | Reached skill level 7 in Shapeshifting
  2415 | D:4      | Reached XP level 6. HP: 28/47 MP: 6/6
  2415 | D:4      | Your scales start taking on a rich purple colour.
  2415 | D:4      | Reached XP level 7. HP: 31/52 MP: 7/7
  2636 | D:4      | Found Uladacw's Distillery.
  2655 | D:4      | Found a white marble altar of Elyvilon.
  2655 | D:4      | Found a hazy altar of Hepliaklqana.
  2696 | D:4      | Reached skill level 8 in Shapeshifting
  2750 | D:4      | Found Fahirac's General Store.
  2750 | D:4      | You fall into a shaft and drop 3 floors!
  3194 | D:6      | Noticed Blork the orc
  3211 | D:6      | Killed Blork the orc
  3212 | D:6      | Reached skill level 9 in Shapeshifting
  3212 | D:6      | Reached XP level 8. HP: 47/59 MP: 8/8
  3400 | D:6      | Noticed Eustachio
  3444 | D:6      | Killed Eustachio
  3490 | D:6      | Found a shadowy altar of Dithmenos.
  3729 | D:6      | Reached skill level 10 in Shapeshifting
  4140 | D:5      | Entered Level 5 of the Dungeon
  4462 | D:4      | Bought a potion of curing for 33 gold pieces
  4462 | D:4      | Bought a scroll of teleportation for 33 gold pieces
  4539 | D:4      | Found a runed translucent door.
  4540 | D:4      | Identified the +6 hammer "Witiost" {spect, rPois Int+3}
  4540 | D:4      | Noticed Crazy Yiuf
  4546 | D:4      | Killed Crazy Yiuf
  4551 | D:4      | Identified the +0 hammer of the Sheltering Gods {heavy,
                  | rN+}
  4855 | D:5      | Noticed Grinder
  4862 | D:5      | Killed Grinder
  4863 | D:5      | Reached skill level 11 in Shapeshifting
  4919 | D:5      | Noticed Ijyb
  4930 | D:5      | Killed Ijyb
  5024 | D:5      | Reached XP level 9. HP: 46/64 MP: 9/9
  5698 | D:7      | Found a broken altar of Ashenzari.
  5723 | D:7      | Found Buixteq's Antique Weapon Boutique.
  5863 | D:7      | Found a staircase to the Ecumenical Temple.
  5876 | Temple   | Entered the Ecumenical Temple
  5894 | Temple   | Became a worshipper of the Wu Jian Council
  6114 | D:7      | Reached skill level 12 in Shapeshifting
  6568 | D:8      | Found a sacrificial altar of Ru.
  6827 | D:8      | Found an opulent altar of Gozag.
  6900 | D:8      | Found a glowing silver altar of Zin.
  6974 | D:8      | Found a blossoming altar of Fedhas.
  6976 | D:8      | Found an iron altar of Okawaru.
  6979 | D:8      | Found a shimmering altar of Xom.
  6980 | D:8      | Found a hide-covered altar of Uskayaw.
  7097 | D:8      | Reached skill level 13 in Shapeshifting
  7100 | D:8      | Found a basalt altar of Yredelemnul.
  7207 | D:8      | Reached XP level 10. HP: 71/71 MP: 10/10
  7396 | D:8      | Noticed a two-headed ogre
  7406 | D:8      | Killed a two-headed ogre
  7407 | D:8      | Reached skill level 14 in Shapeshifting
  7564 | D:9      | Found Giota's Jewellery Emporium.
  7564 | D:9      | Found Boheess's Antique Weapon Emporium.
  7564 | D:9      | Found Tosk's Antique Armour Emporium.
  7827 | D:9      | Noticed Grum
  7855 | D:9      | HP: 3/85 [Grum/+0 glaive (8)]
  7860 | D:9      | Killed Grum
  7861 | D:9      | Reached skill level 15 in Shapeshifting
  8176 | D:9      | Reached * piety under Wu Jian
  8478 | D:9      | Found a staircase to the Lair.
  9023 | D:10     | Entered Level 10 of the Dungeon
  9202 | D:10     | Found a staircase to the Orcish Mines.
  9204 | D:10     | Found Otukam's Weapon Shop.
  9204 | D:10     | Noticed an orc knight
  9213 | D:10     | Reached XP level 11. HP: 63/77 MP: 11/11
  9250 | D:10     | an orc knight changed into a culicivora
  9637 | D:10     | Identified the +4 long sword "Xyjaq" {heavy, rPois Dex+2}
  9748 | D:11     | Found Zuethiwu's Distillery.
  9761 | D:11     | Found Vifof's General Store.
  9833 | D:11     | Noticed a red ugly thing
  9838 | D:11     | Noticed a boulder beetle
  9844 | D:11     | Killed a red ugly thing
  9852 | D:11     | Noticed a purple ugly thing
 10074 | D:10     | Reached ** piety under Wu Jian
 10123 | Lair:1   | Entered Level 1 of the Lair of Beasts
 10129 | Lair:1   | Reached skill level 16 in Shapeshifting
 10735 | Lair:1   | Noticed a five-headed hydra
 10760 | Lair:1   | Killed a five-headed hydra
 10773 | Lair:1   | Reached skill level 17 in Shapeshifting
 12548 | Lair:2   | Reached *** piety under Wu Jian
 12552 | Lair:2   | Reached XP level 12. HP: 13/83 MP: 12/12
 12553 | Lair:2   | HP: 4/99 [cane toad (7)]
 12828 | Lair:2   | Reached skill level 18 in Shapeshifting
 13260 | Lair:2   | Found a staircase to the Swamp.
 13620 | Lair:3   | Noticed a catoblepas
 13632 | Lair:3   | Killed a catoblepas
 13652 | Lair:3   | Found a staircase to the Snake Pit.
 14014 | Lair:3   | Reached skill level 19 in Shapeshifting
 14022 | Lair:3   | Slain by an elephant

Illustrated notes

Levels and vault maps discovered:
D:1:      elethiomel_arrival_infinity_welcomes_careful_drivers, layout_rooms
D:2:      layout_basic, shapermc_ecumenical_altar_mp_ritualfount
D:3:      layout_basic
D:4:      layout_loops_cross, grunt_temple_overflow_open, serial_shops,
          nicolae_shop_industrial_runoff, nicolae_shop_waterfront, shop,
          dreamdust_mushroom_princess, nicolae_kite_square_tiling_tiny,
          uniq_pikel, uniq_crazy_yiuf_cottage
D:5:      layout_gridville, minmay_ogre_servants, uniq_ijyb, uniq_grinder
D:6:      layout_cave_pods, nicolae_dithmenos_through_a_glass_darkly,
          uniq_blork_the_orc, uniq_eustachio
D:7:      layout_loops_ring, nicolae_overflow_crystal_walls,
          minmay_temple_entry_drinking_statues, nicolae_take_the_stairs
D:8:      layout_gridville, lemuel_zombie_altar_yredelemnul,
          mainiacjoe_overflow_surrounded_room, grunt_gozag_breadcrumbs,
          minitemple, serial_library_hellmonk_statue_hall
D:9:      layout_basic, lair_entry_dummy, skrybe_limestone_x,
          nicolae_hexahallways, serial_park_tiny_1, minmay_fountain_box,
          nicolae_shop_distant_corner_stores, uniq_grum
D:10:     layout_basic, orc_david_3, chequers_serial_rivers_large_b
D:11:     minmay_the_grid_triangle_9x9_recursive_2_mashed
          [minmay_the_grid_triangle_9x9_prize_top_heavy,
          minmay_the_grid_triangle_9x9_intruding_spiral,
          minmay_the_grid_triangle_9x9_longest,
          minmay_the_grid_triangle_9x9_checkered], layout_loops_ring,
          serial_shops, nicolae_shop_just_a_little_nook, nicolae_square_shop,
          nicolae_shop_tiny_glass, nicolae_square_shop,
          nicolae_shop_advertising_works [nicolae_subvault_shop_adworks],
          gammafunk_ghost_ooze, hangedman_parallel_progression, uniq_maurice
Temple:   compressed_dpeg_circular_temple
Lair:1:   layout_chaotic_city, pond
Lair:2:   layout_layer_cave, minmay_swamp_entry_worms, serial_bayou_crossing
Lair:3:   layout_regular_city, minmay_snake_entry_guardpost_small,
          cheibrodos_lair_lostbears, infiniplex_staircase_pool_2

Skill      XL: |  1  2  3  4  5  6  7  8  9 10 11 12 |
---------------+-------------------------------------+-----
Shapeshifting  | 4 5 7 9 11 13 15 17 19 | 19.0
Fighting       | 2 |  2.0
Dodging        | 2 |  2.0
Unarmed Combat | |  3.3

Action                     |  1- 3 |  4- 6 |  7- 9 | 10-12 || total
---------------------------+-------+-------+-------+-------++-------
  Melee: Unarmed           |    78 |   103 |   337 |   638 ||  1156
         Tailslap          |     7 |    15 |    26 |       ||    48
         Punch             |       |     3 |       |       ||     3
         Constrict         |       |       |    37 |   112 ||   149
  Throw: Javelin           |     2 |     3 |       |       ||     5
         Dart              |       |     3 |       |       ||     3
Ability: Breathe Dispellin |       |       |     8 |       ||     8
         Lunge             |       |       |     7 |    25 ||    32
         Whirlwind         |       |       |       |   221 ||   221
  Evoke: Wand              |       |       |     3 |    14 ||    17
    Use: Scroll            |     1 |     2 |     8 |     9 ||    20
         Potion            |       |     4 |     1 |    16 ||    21
   Stab: Sleeping          |     1 |     1 |     1 |       ||     3
         Confused          |       |       |       |     1 ||     1
 Armour: Skin              |    35 |    84 |   212 |   621 ||   952
  Dodge: Dodged            |    42 |    47 |   207 |   279 ||   575
   Form: Flux              |       |       |     2 |       ||     2
         Beast             |       |       |     1 |       ||     1
         Serpent           |       |       |     1 |       ||     1

Table legend: (Time is in decaauts)
 A = Elapsed time spent in this place.
 B = Non-inter-level travel time spent in this place.
 C = Inter-level travel time spent in this place.
 D = Time resting spent in this place.
 E = Time spent auto-exploring this place.
 F = Levels seen in this place.
 G = Mean time per level.
                   A        B        C        D        E       F      G
               +--------+--------+--------+--------+--------+-----+--------+
         Total |  14000 |  13448 |    552 |   2288 |   8634 |  15 |  933.3 |
       Dungeon |  10070 |   9586 |    484 |   1101 |   6622 |  11 |  915.5 |
        Temple |     33 |      5 |     28 |      0 |      0 |   1 |   33.0 |
          Lair |   3896 |   3856 |     40 |   1187 |   2012 |   3 | 1298.7 |
               +--------+--------+--------+--------+--------+-----+--------+

Top non-repeatable levels by time:
  Lair:2: 2118 daAuts
     D:9: 1467 daAuts
  Lair:1: 1296 daAuts
     D:6: 1203 daAuts
     D:8: 1162 daAuts
     D:7: 1118 daAuts
     D:5: 969 daAuts
     D:4: 834 daAuts
     D:1: 769 daAuts
     D:3: 756 daAuts
     D:2: 721 daAuts
    D:10: 720 daAuts
  Lair:3: 482 daAuts
    D:11: 347 daAuts
  Temple: 33 daAuts
